AoeStats
← ccereal

African Clearing

510398685Analyzed
3v3 RM · 18h ago on Sep 30, 2026· 29m 32s· 6 players
Game mode
Random Map
Map size
Normal (6 player)
Population
200
Speed
Normal
Resources
Standard
Victory
Conquest
Starting age
Dark Age
Ending age
Imperial Age
RankedLock teamsTeams togetherTeam positionsShared explorationLock speedFull tech treeHidden civsTurbo modeCheats
Victory
Defeat
🇨🇿 Huns · Czechia
1524
+17
🇲🇦 Hindustanis · Morocco
1523
+17
🇭🇰 Japanese · Hong Kong SAR China
1461
+19
🇫🇷 Maya · France
1601
-20
🇫🇷 Vietnamese · France
1544
-18
🇫🇷 Berbers · France
1477
-15
ccereal
11:56 Feudal Age
10:27 Loom
15:31 Castle Age
13:55 Double-Bit Axe
16:25 Bow Saw
17:43 Horse Collar
19:51 Fletching
23:03 Bodkin Arrow
23:09 Padded Archer Armor
tony le gros rou
6:49 Loom
13:11 Feudal Age
17:39 Castle Age
18:36 Fletching
19:07 Padded Archer Armor
Flybidi
10:58 Loom
11:44 Loom
13:58 Feudal Age
17:50 Castle Age
16:08 Double-Bit Axe
23:25 Wheelbarrow
26:51 Bow Saw
27:53 Ballistics
27:39 Horse Collar
28:18 Fletching
Samara
4:38 Loom
13:13 Feudal Age
18:01 Castle Age
16:33 Double-Bit Axe
17:13 Fishing Lines
19:14 Bow Saw
19:44 Bloodlines
24:18 Fletching
mbxmm
13:01 Feudal Age
13:20 Loom
13:29 Double-Bit Axe
13:16 Man-at-Arms
19:45 Castle Age
17:59 Forging
20:12 Long Swordsman
20:38 Gambesons
22:47 Bow Saw
27:00 Wheelbarrow
27:51 Stone Mining
27:52 Gold Mining
29:51 Gold Shaft Mining
29:30 Scale Mail Armor
Joseph90
3:07 Loom
4:33 Loom
12:57 Feudal Age
13:43 Double-Bit Axe
14:27 Horse Collar
16:00 Wheelbarrow
16:32 Bloodlines
22:57 Castle Age
23:20 Scale Barding Armor
23:25 Forging
23:14 Light Cavalry
25:13 Husbandry
Connection lost

Rejoining the realm…

Still unreachable

The connection could not be restored.

Session expired

The server has moved on; the page needs a fresh start.